Map: Kairos Junction LE

Players

Anibal

  • Race: Protoss Protoss
  • League: Diamond
  • Spawn Location: 11:00

Aerolust - Winner!

  • Race: Terran Terran
  • League: Diamond
  • Spawn Location: 5:00

VOD

Have the link to the VOD?

Description

Time

  • Played on: March 13, 2019, 7:48 p.m.
  • Length: 8:40
Show
View Real Time Build Order
Export as new Build Order

Anibal Protoss 

Build Orders: 1 Gate Expand, Oracle Opening, Phoenix Opening 

Get SALT Encoding   

  12  0:00  Probe  
  13  0:13  Probe  
  14  0:18  Pylon  
  14  0:23  Probe  
  15  0:32  Probe  
  15  0:36  Gateway  
  15  0:40  Probe  
  16  0:46  Assimilator  
  17  0:52  Probe  
  18  1:04  Probe  
  19  1:16  Probe  
  20  1:23  Nexus  
  20  1:33  Cybernetics Core  
  20  1:36  Probe  
  21  1:42  Assimilator  
  21  1:48  Probe  
  21  1:52  Pylon  
  22  2:00  Adept, Probe  
  23  2:12  Probe  
  26  2:18  Stargate  
  26  2:24  Probe  
  26  2:29  Adept  
  29  2:43  Probe x2  
  31  2:50  Adept  
  31  2:53  Oracle  
  31  2:55  Probe x2  
  38  3:07  Probe x2  
  38  3:12  Pylon  
  40  3:20  Probe x2  
  42  3:30  Phoenix  
  42  3:32  Probe x2  
  46  3:44  Probe x2  
  43  4:07  Phoenix  
  41  4:26  Probe x2  
  41  4:32  Phoenix, Gateway  
  41  4:33  Gateway  
  41  4:34  Warp Gate  
  43  4:42  Probe x2  
  43  4:45  Assimilator  
  45  4:47  Assimilator  
  45  4:57  Nexus, Phoenix  
  47  5:02  Probe  
  47  5:03  Probe  
  49  5:13  Shield Battery  
  49  5:14  Shield Battery  
  49  5:15  Probe x2  
  49  5:16  Shield Battery  
  49  5:17  Pylon, Gateway  
  49  5:18  Gateway  
  49  5:20  Stalker  
  53  5:24  Pylon  
  53  5:25  Pylon  
  53  5:35  Stalker  
  55  5:37  Stalker  
  57  5:46  Pylon  
  57  5:56  Gateway  
  57  5:58  Gateway  
  57  6:04  Gateway  
  57  6:06  Gateway  
  57  6:21  Pylon  
  57  6:23  Stalker x3  
  57  6:24  Stalker x2  
  43  6:48  Stalker x4  
  43  6:49  Stalker  
  51  7:10  Adept, Pylon  
  51  7:11  Adept x5, Pylon  
  40  7:30  Stalker x4  
  40  7:31  Stalker  
  50  7:40  Oracle  
  48  8:02  Stalker x4  
  48  8:03  Stalker x2  
Show
View Real Time Build Order
Export as new Build Order

Aerolust Terran - Winner!

Build Orders: Reaper Expand 

Get SALT Encoding   

  12  0:00  SCV  
  13  0:13  SCV  
  14  0:17  Supply Depot  
  14  0:25  SCV  
  15  0:39  SCV  
  15  0:40  Barracks  
  16  0:44  Refinery  
  16  0:51  SCV  
  17  1:03  SCV  
  18  1:16  SCV  
  19  1:30  Orbital Command, Reaper  
  20  1:48  Command Center  
  20  1:57  SCV  
  20  1:59  Refinery  
  21  2:09  SCV  
  21  2:10  Factory  
  22  2:18  Supply Depot  
  22  2:25  Barracks Reactor  
  22  2:26  SCV  
  23  2:46  SCV  
  24  2:51  Barracks  
  24  2:54  Widow Mine  
  24  2:58  SCV  
  27  2:59  Orbital Command  
  27  3:01  Marine x2  
  29  3:10  SCV  
  30  3:16  Factory Tech Lab, Bunker  
  30  3:22  SCV, Marine x2  
  30  3:25  SCV  
  34  3:34  SCV  
  34  3:36  Siege Tank  
  34  3:40  SCV, Barracks Tech Lab  
  39  3:47  Supply Depot  
  39  3:51  Marine x2  
  40  4:03  SCV  
  40  4:04  Marine  
  41  4:21  Marine x2  
  41  4:22  Siege Tank  
  46  4:27  Combat Shield  
  45  4:32  SCV  
  45  4:36  Marine  
  47  4:39  Marine  
  47  4:40  SCV  
  47  4:43  Marine  
  50  4:48  Barracks x2, Starport  
  50  4:53  SCV  
  50  4:55  Marine  
  52  5:00  Supply Depot  
  52  5:01  Marine  
  52  5:03  Supply Depot  
  52  5:04  Marine  
  54  5:17  SCV x2, Siege Tank  
  54  5:19  Marine  
  54  5:20  Marine  
  61  5:24  Marine  
  62  5:37  Marine  
  63  5:45  Marine x3  
  63  5:46  Medivac, Marine  
  69  5:55  Marine  
  70  6:04  Stimpack  
  70  6:06  Marine x4  
  70  6:08  Siege Tank  
  77  6:13  Marine  
  77  6:23  Marine, Bunker  
  77  6:24  Bunker x2  
  78  6:32  Marine  
  78  6:33  Supply Depot, Marine, SCV  
  68  6:47  Marine x2  
  68  6:48  Marine  
  70  6:56  Bunker  
  70  7:00  Bunker  
  66  7:12  Bunker  
  66  7:17  Marine x3  
  65  7:23  Marine  
  65  7:24  Marine  
  65  7:25  Medivac, Siege Tank  
  65  7:27  SCV x2  
  71  7:33  Bunker  
  71  7:34  Marine  
  71  7:35  Marine x2  
  74  7:38  Refinery x2  
  74  7:41  Marine  
  74  7:42  Marine  
  76  7:46  SCV  
  76  7:50  SCV  
  78  7:52  Marine, Command Center  
  78  7:53  Marine x2  
  81  7:59  Marine  
  81  8:00  Marine  
  81  8:02  Siege Tank  
  86  8:10  Marine x2  
Tags
 
Add a new tag
Caveats
  • Supply blocks, unpowered buildings, or Contaminate may cause inaccurate times.
  • Supply counts are checked every 10 seconds.